 Dungeon Crawl Stone Soup version 0.23.1 (webtiles) character file.

Game seed: 0

81844 Fliddo the Impaler (level 15, -1/108 HPs)
             Began as a Merfolk Summoner on Mar 6, 2019.
             Was a High Priest of Hepliaklqana.
             Slain by a shambling mangrove (11 damage)
             ... on level 2 of the Swamp on Mar 7, 2019.
             The game lasted 04:48:44 (35811 turns).

Fliddo the Impaler (Merfolk Summoner)              Turns: 35811, Time: 04:48:45

Health: -1/108     AC: 12    Str: 18    XL:     15   Next: 71%
Magic:  18/25      EV: 19    Int: 18    God:    Hepliaklqana [*****.]
Gold:   1608       SH:  0    Dex: 16    Spells: 9/28 levels left

rFire    . . .     SeeInvis +   a - +2 glaive (vamp)
rCold    + . .     Gourm    .   (shield currently unavailable)
rNeg     . . .     Faith    .   n - +1 leather armour "Kugg" {rElec rPois MR+}
rPois    +         Spirit   .   T - +2 hat {SInv}
rElec    +         Reflect  .   t - +2 cloak {rPois}
rCorr    .         Harm     .   N - +1 pair of gloves {archery}
MR       ++...                  (no boots)
Stlth    ++........             (no amulet)
HPRegen  1.28/turn              O - +3 ring of intelligence
MPRegen  0.19/turn              j - ring of protection from cold

@: mighty, grasped by roots, regenerating, constricted
A: change form in water, swift swim, stealthy swim, reduced essence
a: Recall Ancestor, Ancestor Identity, Transference, Idealise, Renounce Religion


You were on level 2 of the Swamp.
You worshipped Hepliaklqana.
Hepliaklqana was extremely pleased with you.
You were hungry.

You visited 5 branches of the dungeon, and saw 26 of its levels.
You also visited: Ossuary and Ice Cave.

You collected 2114 gold pieces.
You spent 506 gold pieces at shops.

Inventory:

Hand Weapons
 a - a +2 vampiric glaive (weapon)
 w - a +2 trident
Missiles
 o - 44 tomahawks (quivered)
 p - 14 javelins
Armour
 n - the +1 leather armour "Kugg" (worn) {rElec rPois MR+}
   (You found it on level 5 of the Lair of Beasts)

   It insulates you from electricity.
   It protects you from poison.
   It affects your resistance to hostile enchantments.
 t - a +2 cloak of poison resistance (worn)
 N - a +1 pair of gloves of archery (worn)
 T - a +2 hat of see invisible (worn)
Magical Staves
 b - an uncursed staff of wizardry
 h - an uncursed staff of fire {unknown}
Jewellery
 j - a ring of protection from cold (right hand)
 H - an uncursed ring of resist corrosion
 O - a +3 ring of intelligence (left hand)
Wands
 g - a wand of polymorph (16)
 l - a wand of flame (48)
 q - a wand of clouds (5)
 C - a wand of acid (13)
 F - a wand of paralysis (8)
 I - a wand of scattershot (5)
 K - a wand of disintegration (17)
 L - a wand of iceblast (6)
 M - a wand of random effects (30)
Scrolls
 e - 14 scrolls of remove curse
 f - 3 scrolls of enchant armour
 i - a scroll of identify
 m - 4 scrolls of amnesia
 s - 11 scrolls of teleportation
 y - 3 scrolls of magic mapping
 E - a scroll of fog
Potions
 r - 7 potions of curing
 v - 4 potions of brilliance
 A - 2 potions of resistance
 B - 2 potions of lignification
 G - a potion of magic
 J - a potion of might
 P - 10 potions of flight
Comestibles
 c - 31 rations
 d - a chunk of flesh


   Skills:
 + Level 12.0 Fighting
 * Level 15.4 Polearms
 - Level 5.0 Armour
 + Level 14.0 Dodging
 - Level 2.1 Stealth
 + Level 7.0 Spellcasting
 - Level 4.0 Charms
 * Level 12.8 Summonings
 - Level 3.4 Necromancy
 - Level 7.2 Air Magic
 - Level 7.0 Invocations


You had 9 spell levels left.
You knew the following spells:

 Your Spells              Type           Power        Failure   Level  Hunger
a - Call Imp              Summ           ######..     1%          2    None
b - Call Canine Familiar  Summ           ######..     1%          3    ##.....
c - Summon Lightning Spi  Summ/Air       #####...     1%          4    ####...
d - Regeneration          Chrm/Necr      ###.......   9%          3    ##.....
e - Monstrous Menagerie   Summ           ######....   50%         7    #######

Your spell library contained the following spells:

 Spells                   Type           Power        Failure   Level  Hunger
 Summon Small Mammal      Summ           ####         1%          1    None
 Summon Guardian Golem    Hex/Summ       ####....     2%          3    ##.....
 Animate Skeleton         Necr           N/A          3%          1    None
 Pain                     Necr           ###.         3%          1    None
 Summon Ice Beast         Ice/Summ       ####....     9%          4    ####...
 Vampiric Draining        Necr           ###.......   10%         3    ##.....
 Apportation              Tloc           #.....       13%         1    None
 Beastly Appendage        Tmut           #.....       13%         1    None
 Confusing Touch          Hex            #.....       13%         1    None
 Sticks to Snakes         Tmut           #.......     19%         2    None
 Animate Dead             Necr           N/A          30%         4    ####...
 Spider Form              Tmut/Pois      #.........   36%         3    ##.....
 Summon Greater Demon     Summ           ######....   50%         7    #######
 Ice Form                 Ice/Tmut       #.......     77%         4    ####...
 Blade Hands              Tmut           #.........   98%         5    #####..
 Summon Horrible Things   Summ           ######....   99%         8    #######
 Malign Gateway           Summ/Tloc      ####......   100%        7    #######


Dungeon Overview and Level Annotations

Branches:
Dungeon (15/15)            Temple (1/1) D:5            Lair (6/6) D:10
  Swamp (2/4) Lair:3       Spider (0/4) Lair:2        Slime (0/5) Lair:5
    Orc (2/2) D:9             Elf (0/3) Orc:2        Vaults (0/5) D:13
 Depths: D:15

Altars:
Ashenzari
Cheibriados
Dithmenos
Elyvilon
Fedhas
Gozag
Hepliaklqana
Kikubaaqudgha
Makhleb
Nemelex Xobeh
Okawaru
Qazlal
Ru
Sif Muna
Trog
Uskayaw
Vehumet
Wu Jian
Xom
Yredelemnul
Zin
The Shining One
Beogh
Jiyva

Shops:
D:12 }   D:14 (   Orc:2 *%[?

Annotations:
D:3 3 runed translucent doors, acidapple's ghost, amateur DgIE
D:4 Menkaure
D:14 3 runed translucent doors, Wopp's ghost, journeyman GrEE
Lair:6 3 runed translucent doors, Oviwesma's ghost, journeyman OpWz


Message History

Zayda blocks the nine-headed hydra's attack.
The nine-headed hydra bites Zayda but does no damage.
Zayda blocks the shambling mangrove's attack.
* * * LOW HITPOINT WARNING * * *
The grasping roots constrict you!
Zayda barely misses the nine-headed hydra.
Zayda hits the shambling mangrove but does no damage.
It was a potion of might.
You feel very mighty all of a sudden.
Your lightning spire shoots out a bolt of lightning at the shambling mangrove!
The bolt of electricity hits the shambling mangrove.
Zayda blocks the nine-headed hydra's attack.
The nine-headed hydra bites Zayda.
The nine-headed hydra closely misses Zayda.
The nine-headed hydra misses Zayda.
Zayda blocks the nine-headed hydra's attack.
The nine-headed hydra bites Zayda but does no damage. x3
The nine-headed hydra bites Zayda!
The shambling mangrove hits Zayda!!
Zayda is destroyed!
You die...

..≈. ≈..♣ ...≈♣.≈.♣
....... .....♣♣ ..♣
♣$≈...♣ ≈..♣♣ ♣≈≈f.♣ ♣
...!.♣♣♣♣♣≈≈≈8♣♣♣≈♣♣
......♣≈♣♣≈Dh♣♣....♣..
.≈......♣♣≈@....≈≈...≈≈
♣.≈.........≈≈.≈≈≈≈.≈≈≈
≈..§....≈≈..≈...≈≈≈..≈≈
...≈≈≈....♣♣♣...≈≈.≈≈..
...≈≈≈...<≈♣.≈≈≈≈≈.♣♣♣♣
.≈≈≈≈≈..≈≈.≈.≈≈♣...≈.
.≈≈≈≈..≈≈≈.....♣...[.♣
.≈≈≈..≈≈≈≈.≈♣♣♣♣...♣♣♣
≈≈≈≈≈♣...≈♣♣≈♣


You could see a shambling mangrove, a nine-headed hydra (fleeing), a friendly
warg and a friendly lightning spire.

Vanquished Creatures
  A white draconian (IceCv)
  A catoblepas (D:14)
  4 hydras
  4 two-headed ogres
  2 alligators (Swamp:1)
  A death yak (Lair:6)
  2 orc high priests (Orc:2)
  A spriggan (Swamp:1)
  An unseen horror (D:13)
  A swamp dragon (Swamp:1)
  An orc knight (Orc:2)
  2 orc sorcerers (Orc:2)
  2 deep elf magi (D:13)
  A lindwurm (Lair:5)
  A cyclops (D:12)
  An ugly thing (D:15)
  A wolf spider (D:15)
  5 black mambas
  3 elephants (Lair:6)
  A gargoyle (D:12)
  3 spiny frogs (Lair:6)
  6 komodo dragons
  A centaur skeleton (D:15)
  An efreet (D:13)
  An ice devil (D:15)
  8 polar bears (IceCv)
  A merfolk (D:10)
  3 trolls
  2 tyrant leeches (Swamp:1)
  A slime creature (D:13)
  2 hornets (Swamp:1)
  A bog body (Swamp:1)
  5 blink frogs (Lair:6)
  2 hippogriffs
  23 yaks
  3 basilisks
  7 vampire mosquitoes
  A soldier ant (D:12)
  A swamp worm (Swamp:1)
  2 wargs
  4 water moccasins
  A black bear (D:11)
  16 orc warriors
  4 porcupines
  2 ice beasts
  A sky beast (D:12)
  A black bear (shapeshifter) (D:14)
  A necrophage (D:12)
  8 ogres
  A phantom (D:14)
  4 wolves
  A centaur (D:9)
  7 crocodiles
  4 big kobolds
  10 bullfrogs
  A wyvern zombie (D:12)
  A wyvern skeleton (D:8)
  A water moccasin skeleton (D:12)
  A scorpion (D:10)
  2 killer bees (D:13)
  2 electric eels
  4 crimson imps
  A centaur zombie (D:12)
  4 quasits
  A jelly (D:9)
  2 bullfrog skeletons
  4 hounds
  12 orc priests
  6 iguanas (Lair:3)
  14 orc wizards
  4 worker ants
  Natasha (twice) (D:3)
  A hound zombie (D:9)
  2 mummies (Ossuary)
  A worker ant zombie (D:11)
  3 gnolls
  3 adders
  4 shadow imps
  An adder skeleton (D:7)
  An adder zombie (D:9)
  A worm (D:1)
  2 dart slugs
  A leopard gecko (D:11)
  46 orcs
  2 giant cockroaches
  5 goblins
  A hobgoblin (D:3)
  3 jackals (D:3)
  2 quokkas
  A ball python (D:6)
  5 bats
  2 frilled lizards (D:3)
  2 hobgoblin zombies (Ossuary)
  15 kobolds
  2 kobold skeletons (D:8)
  3 kobold zombies (D:8)
  A quokka zombie (D:5)
  4 rats
  A fungus (Lair:5)
  2 plants (D:10)
354 creatures vanquished.

Vanquished Creatures (collateral kills)
  Gastronok (D:9)
  An orc warlord (Orc:2)
  Fannar (D:11)
  7 hydras
  Erolcha (D:11)
  A vault guard (D:13)
  Harold (D:11)
  4 death yaks
  2 two-headed ogres
  2 alligators (Swamp:1)
  3 orc high priests (Orc:2)
  A skeletal warrior (D:15)
  2 orc knights (Orc:2)
  3 oklob plants (Lair:6)
  4 ugly things
  An orc sorcerer (Orc:2)
  3 deep elf magi (D:12)
  2 elephants (Lair:6)
  A black mamba (Lair:1)
  A gargoyle (D:13)
  18 spiny frogs
  A kobold demonologist (D:8)
  5 komodo dragons
  An ice devil (D:15)
  4 hornets
  4 trolls
  13 polar bears
  2 bog bodies (Swamp:1)
  9 blink frogs
  5 tyrant leeches
  2 slime creatures (D:13)
  9 hippogriffs
  A shadow (D:12)
  42 yaks
  4 vampires
  2 spriggans (Swamp:1)
  A wyvern (D:13)
  4 basilisks
  3 fire bats (Lair:3)
  A hungry ghost (D:15)
  A steam dragon (Lair:3)
  5 vampire mosquitoes
  A warg (Orc:2)
  2 swamp worms
  A soldier ant (D:13)
  4 insubstantial wisps (Swamp:1)
  An acid dragon (D:15)
  7 water moccasins
  7 porcupines
  A meliai simulacrum (D:15)
  2 ice beasts
  26 orc warriors
  A swamp drake (Swamp:2)
  2 sky beasts
  An eye of draining (D:12)
  8 ogres
  3 phantoms
  19 wolves
  13 centaurs
  12 crocodiles
  4 big kobolds
  21 bullfrogs
  2 wyvern zombies
  2 scorpions
  6 killer bees
  2 electric eels
  A howler monkey (D:8)
  2 crimson imps
  4 centaur zombies
  A bullfrog zombie (D:12)
  2 hounds
  A jelly (D:9)
  2 centaur skeletons
  18 orc priests
  Crazy Yiuf (D:3)
  A gnoll shaman (Orc:2)
  17 orc wizards
  A bullfrog skeleton (D:10)
  7 iguanas
  Natasha (D:3)
  7 worker ants
  2 hound zombies
  A mummy (Ossuary)
  A worker ant zombie (D:5)
  3 gnolls
  A howler monkey skeleton (D:11)
  5 adders
  3 shadow imps
  An ooze (D:1)
  A worm (D:3)
  A dart slug (D:3)
  A leopard gecko (D:1)
  117 orcs
  A ball python (D:1)
  4 giant cockroaches
  6 goblins
  3 hobgoblins (D:1)
  3 jackals (D:3)
  3 bats
  3 frilled lizards
  28 kobolds
  6 kobold skeletons (D:8)
  7 kobold zombies (D:8)
  A leopard gecko zombie (D:5)
  A quokka zombie (D:7)
  2 rats
  4 fungi
  5 plants
607 creatures vanquished.

Vanquished Creatures (others)
  A bullfrog zombie (D:5)
  29 knights
  A gnoll (D:2)
  6 ancestors
  A shadow imp (D:5)
  An orc (D:10)
  3 bushes
  24 fungi
  46 plants
112 creatures vanquished.

Grand Total: 1073 creatures vanquished

Notes
Turn   | Place    | Note
-------+----------+-------------------------------------------
     0 | D:1      | Fliddo the Merfolk Summoner began the quest for the Orb.
     0 | D:1      | Reached XP level 1. HP: 13/13 MP: 3/3
   417 | D:1      | Reached XP level 2. HP: 19/20 MP: 3/5
   421 | D:1      | Learned a level 2 spell: Call Imp
   884 | D:1      | Reached skill level 1 in Fighting
  1161 | D:1      | Reached XP level 3. HP: 10/26 MP: 2/6
  1373 | D:2      | Reached skill level 1 in Polearms
  1475 | D:2      | Learned a level 3 spell: Call Canine Familiar
  1846 | D:2      | Reached XP level 4. HP: 32/32 MP: 3/7
  1852 | D:2      | Reached skill level 2 in Polearms
  2793 | D:3      | Found a runed translucent gate.
  2793 | D:3      | Found a runed translucent gate.
  2793 | D:3      | Found a runed translucent gate.
  2793 | D:3      | Noticed acidapple's ghost (amateur DgIE)
  3530 | D:3      | Reached XP level 5. HP: 34/37 MP: 8/8
  3601 | D:3      | Noticed Natasha
  3609 | D:3      | Killed Natasha
  3609 | D:3      | Reached skill level 3 in Polearms
  3609 | D:3      | Reached skill level 5 in Summonings
  3811 | D:3      | Found a runed translucent door.
  3812 | D:3      | Noticed Crazy Yiuf
  3847 | D:3      | Killed Crazy Yiuf
  4200 | D:3      | Found a roughly hewn altar of Beogh.
  4241 | D:3      | Noticed Natasha
  4251 | D:3      | Killed Natasha
  4557 | D:3      | Noticed Natasha
  4565 | D:3      | Killed Natasha
  4692 | D:4      | Reached skill level 4 in Polearms
  4692 | D:4      | Reached XP level 6. HP: 44/44 MP: 9/9
  5211 | D:4      | Noticed Menkaure
  5491 | D:3      | Learned a level 4 spell: Summon Lightning Spire
  5574 | D:5      | Entered Level 5 of the Dungeon
  6052 | D:5      | Reached XP level 7. HP: 51/51 MP: 6/10
  6151 | D:5      | Reached skill level 5 in Polearms
  6297 | D:5      | Found a staircase to the Ecumenical Temple.
  6306 | Temple   | Entered the Ecumenical Temple
  6440 | Temple   | Became a worshipper of Hepliaklqana the Forgotten
  6998 | D:5      | Reached skill level 1 in Air Magic
  7238 | D:6      | Reached skill level 5 in Dodging
  7287 | D:6      | Reached XP level 8. HP: 52/52 MP: 5/11
  7511 | D:6      | Found a sand-covered staircase.
  7518 | Ossuary  | Entered an ossuary
  7566 | Ossuary  | Reached skill level 6 in Polearms
  7984 | D:6      | You fall through a shaft for 2 floors!
  8206 | D:8      | Reached * piety under Hepliaklqana
  8636 | D:7      | Found an opulent altar of Gozag.
  8810 | D:7      | You fall through a shaft for 3 floors!
  8810 | D:10     | Entered Level 10 of the Dungeon
  8831 | D:9      | Reached ** piety under Hepliaklqana
  8832 | D:9      | Remembered your ancestor Zayda as a knight
  8898 | D:8      | Reached XP level 9. HP: 52/59 MP: 12/12
  8925 | D:8      | Reached skill level 7 in Polearms
  9633 | D:8      | Reached skill level 5 in Fighting
  9790 | D:8      | Noticed a kobold demonologist
  9803 | D:8      | Killed a kobold demonologist
  9871 | D:8      | Found an ancient bone altar of Kikubaaqudgha.
 10117 | D:8      | Found a sparkling altar of Nemelex Xobeh.
 10411 | D:9      | Found a shadowy altar of Dithmenos.
 10438 | D:9      | Noticed a troll
 10441 | D:9      | Found a basalt altar of Yredelemnul.
 10484 | D:9      | Found a staircase to the Orcish Mines.
 10763 | D:9      | Found an iron altar of Okawaru.
 10831 | D:9      | Reached skill level 8 in Polearms
 11004 | D:9      | Identified the +10 war axe "Ryelafiu" {freeze, Int+3}
 11017 | D:9      | Found a blossoming altar of Fedhas.
 11020 | D:9      | Found a white marble altar of Elyvilon.
 11088 | D:9      | Reached *** piety under Hepliaklqana
 11251 | D:9      | Noticed Gastronok
 11463 | D:9      | Killed a troll
 11463 | D:9      | Reached skill level 5 in Air Magic
 11463 | D:9      | Reached XP level 10. HP: 69/69 MP: 2/13
 11535 | D:9      | Killed Gastronok
 12068 | D:10     | Reached skill level 9 in Polearms
 12354 | D:10     | Found a staircase to the Lair.
 12883 | D:10     | Found a deep blue altar of Sif Muna.
 13201 | D:10     | Reached XP level 11. HP: 66/78 MP: 15/15
 13500 | D:10     | Found the +12 Vampire's Tooth {vamp}
 13586 | Lair:1   | Entered Level 1 of the Lair of Beasts
 13698 | Lair:1   | Reached skill level 10 in Polearms
 13698 | Lair:1   | Reached skill level 1 in Armour
 14470 | Lair:1   | Reached **** piety under Hepliaklqana
 15055 | Lair:2   | Found a hole to the Spider Nest.
 15071 | Lair:2   | Found a burning altar of Makhleb.
 15892 | Lair:3   | Noticed a seven-headed hydra
 15906 | Lair:3   | Killed a seven-headed hydra
 15906 | Lair:3   | Reached skill level 1 in Invocations
 16309 | Lair:3   | Reached skill level 10 in Dodging
 16390 | Lair:3   | Reached skill level 11 in Polearms
 16527 | Lair:3   | Reached ***** piety under Hepliaklqana
 16586 | Lair:3   | Found a dark tunnel.
 16659 | Lair:3   | Reached XP level 12. HP: 72/85 MP: 17/17
 16664 | Lair:3   | Found a staircase to the Swamp.
 17632 | Lair:4   | Noticed a four-headed hydra
 17644 | Lair:4   | Killed a four-headed hydra
 17736 | Lair:4   | Noticed a death yak
 17736 | Lair:4   | Noticed a death yak
 17737 | Lair:4   | Noticed a death yak
 17738 | Lair:4   | Noticed a death yak
 18047 | Lair:4   | Killed a death yak
 18557 | Lair:4   | Learned a level 3 spell: Regeneration
 18684 | Lair:4   | Reached skill level 1 in Charms
 18730 | Lair:4   | Reached skill level 1 in Necromancy
 19059 | Lair:5   | Got a jewelled leather armour
 19070 | Lair:5   | Identified the +1 leather armour "Kugg" {rElec rPois MR+}
                  | (You found it on level 5 of the Lair of Beasts)
 19097 | Lair:5   | Noticed a six-headed hydra
 19103 | Lair:5   | Killed a six-headed hydra
 19103 | Lair:5   | Reached skill level 12 in Polearms
 19482 | Lair:5   | Found a staircase to the Slime Pits.
 19482 | Lair:5   | Found a viscous altar of Jiyva.
 20208 | Lair:6   | Entered Level 6 of the Lair of Beasts
 20545 | Lair:6   | Found a sparkling altar of Nemelex Xobeh.
 20617 | Lair:6   | Noticed an eight-headed hydra
 20630 | Lair:6   | Killed an eight-headed hydra
 20630 | Lair:6   | Reached skill level 5 in Invocations
 20630 | Lair:6   | Reached XP level 13. HP: 72/91 MP: 19/19
 21344 | Lair:6   | Reached skill level 10 in Fighting
 22154 | Lair:6   | Got a scintillating golden ring
 22548 | Lair:5   | Identified the cursed ring "Hetil" {rF- MP+9 Int-2 Dex+3
                  | Slay+2} (You found it on level 6 of the Lair of Beasts)
 22627 | Lair:6   | Found a runed translucent gate.
 22627 | Lair:6   | Found a runed translucent gate.
 22627 | Lair:6   | Found a runed translucent gate.
 22628 | Lair:6   | Noticed a death ooze
 22629 | Lair:6   | Found a viscous altar of Jiyva.
 22629 | Lair:6   | Noticed Oviwesma's ghost (journeyman OpWz)
 22907 | Lair:5   | Reached skill level 10 in Summonings
 22911 | Lair:5   | Reached skill level 13 in Polearms
 23654 | D:11     | Learned a level 7 spell: Monstrous Menagerie
 24220 | D:11     | Noticed Fannar
 24283 | D:11     | Noticed Erolcha
 24295 | D:11     | Killed Erolcha
 24310 | D:11     | Killed Fannar
 24597 | D:11     | Noticed Harold
 24606 | D:11     | Reached XP level 14. HP: 95/99 MP: 21/21
 24619 | D:11     | Killed Harold
 25594 | D:12     | Reached skill level 5 in Spellcasting
 26588 | D:12     | Found Vutyilad's Gadget Emporium.
 27492 | D:13     | Found a gate to the Vaults.
 28234 | D:14     | Found a runed translucent gate.
 28235 | D:14     | Found a runed translucent gate.
 28236 | D:14     | Found a runed translucent gate.
 28238 | D:14     | Noticed Wopp's ghost (journeyman GrEE)
 28265 | D:14     | Reached skill level 14 in Polearms
 28426 | D:14     | Found Utait's Antique Weapon Shoppe.
 28844 | Orc:1    | Entered Level 1 of the Orcish Mines
 29304 | Orc:2    | Entered Level 2 of the Orcish Mines
 30426 | Orc:2    | Noticed an orc warlord
 30461 | Orc:2    | Killed an orc warlord
 30545 | Orc:2    | Found a roughly hewn altar of Beogh.
 30622 | Orc:2    | Found Mipres's Food Boutique.
 30642 | Orc:2    | Bought a ration for 55 gold pieces
 30642 | Orc:2    | Bought a ration for 55 gold pieces
 30642 | Orc:2    | Bought a ration for 55 gold pieces
 30672 | Orc:2    | Found Jacoj's General Store.
 30853 | Orc:2    | Found a roughly hewn altar of Beogh.
 31100 | Orc:2    | Found Paeqacha's Magic Scroll Boutique.
 31122 | Orc:2    | Bought a scroll of identify for 26 gold pieces
 31325 | Orc:2    | Found Tiranam's Antique Armour Shop.
 31336 | Orc:2    | Reached XP level 15. HP: 107/107 MP: 24/24
 31681 | Orc:2    | Found a staircase to the Elven Halls.
 31959 | Orc:2    | Reached skill level 5 in Armour
 32513 | Orc:2    | Bought a brightly glowing scale mail for 315 gold pieces
 32523 | Orc:2    | Identified the +3 scale mail of Dogma {rElec MP+9} (You
                  | bought it in a shop on level 2 of the Orcish Mines)
 32702 | D:15     | Entered Level 15 of the Dungeon
 32893 | D:15     | HP: 4/107 [skeletal warrior/+4 war axe of chopping (16)]
 32893 | D:15     | HP: 1/107 [skeletal warrior/+4 war axe of chopping (3)]
 33175 | D:15     | Found a frozen archway.
 33198 | IceCv    | Entered an ice cave
 33471 | IceCv    | Got a pitted battleaxe
 34594 | Swamp:1  | Entered Level 1 of the Swamp
 34654 | Swamp:1  | Reached skill level 15 in Polearms
 35811 | Swamp:2  | Slain by a shambling mangrove

Skill      XL: |  1  2  3  4  5  6  7  8  9 10 11 12 13 14 15 |
---------------+----------------------------------------------+-----
Dodging        | 3 4 5 6 7 8 10 11 12 13 14 | 14.0
Fighting       | 1 2 3 4 6 8 9 10 11 12 | 12.0
Polearms       | 1 2 4 5 6 8 9 11 12 13 14 15 | 15.4
Summonings     | 5 6 7 8 9 10 11 12 | 12.8
Air Magic      | 2 3 5 6 7 |  7.2
Spellcasting   | 3 4 6 7 |  7.0
Armour         | 2 3 4 5 |  5.0
Invocations    | 2 5 6 7 |  7.0
Charms         | 3 4 |  4.0
Necromancy     | 2 3 |  3.4
Stealth        | |  2.1

Action                   |  1- 3 |  4- 6 |  7- 9 | 10-12 | 13-15 || total
-------------------------+-------+-------+-------+-------+-------++-------
Melee: Unarmed           |    42 |       |       |       |       ||    42
       Whip              |    38 |       |       |       |       ||    38
       Spear             |    63 |   187 |   185 |       |       ||   435
       Trident           |       |       |   253 |   504 |   242 ||   999
       Tailslap          |       |       |     2 |       |    15 ||    17
       Halberd           |       |       |       |       |   624 ||   624
       Glaive            |       |       |       |       |   265 ||   265
Throw: Stone             |     2 |     8 |     2 |     4 |       ||    16
       Tomahawk          |       |       |       |     3 |     2 ||     5
 Cast: Summon Small Mamm |    15 |     7 |       |       |       ||    22
       Call Imp          |    12 |    23 |    40 |    39 |    29 ||   143
       Call Canine Famil |     1 |    11 |    23 |    44 |    58 ||   137
       Summon Lightning  |       |       |       |    44 |   139 ||   183
       Regeneration      |       |       |       |       |    50 ||    50
Invok: Recall Ancestor   |       |       |    11 |     4 |    10 ||    25
       Ancestor Identity |       |       |     1 |       |       ||     1
       Ancestor Life: Kn |       |       |     1 |       |       ||     1
       Transference      |       |       |       |     1 |     5 ||     6
       Idealise          |       |       |       |       |     5 ||     5
Evoke: Wand              |       |       |       |     1 |       ||     1
  Use: Scroll            |       |    14 |    13 |     2 |    15 ||    44
       Potion            |       |       |     6 |     5 |    11 ||    22
 Stab: Sleeping          |     3 |     4 |     1 |     2 |    14 ||    24
       Distracted        |       |     2 |     8 |    15 |    40 ||    65
       Petrified         |       |       |       |       |     2 ||     2
  Eat: Chunk             |     4 |    16 |    17 |    34 |    59 ||   130
       Ration            |       |       |     2 |     2 |     6 ||    10
Armor: Robe              |    30 |       |       |       |       ||    30
       Leather armour    |    25 |    30 |     5 |     7 |   195 ||   262
       Ring mail         |       |       |   100 |    67 |       ||   167
       Steam dragon scal |       |       |       |     9 |       ||     9
Dodge: Dodged            |   142 |    92 |   220 |   285 |   935 ||  1674
